Map: 普列昂台地

Players

Sen - Winner!

  • Race: Zerg Zerg
  • League: Master

Rose (Python)

  • Race: Zerg Zerg
  • League: Grandmaster

Event: 2016 WCS Winter Challenger Taiwan

VOD

Have the link to the VOD?

Description

Time

  • Played on: Jan. 9, 2016, 5:06 a.m.
  • Length: 6:37

All games in this series

Show
View Real Time Build Order
Export as new Build Order

Sen Zerg - Winner!

Build Orders: Pool First 

Get SALT Encoding   

  12  0:00  Drone  
  13  0:09  Drone  
  14  0:18  Overlord  
  14  0:26  Drone, Extractor  
  15  0:36  Drone x2  
  17  0:44  Drone  
  18  0:51  Spawning Pool  
  18  0:54  Extractor  
  18  0:56  Drone  
  17  1:09  Drone  
  18  1:19  Drone  
  19  1:30  Hatchery  
  18  1:34  Drone  
  18  1:38  Queen  
  21  1:44  Overlord  
  21  1:53  Zergling x2  
  22  1:58  Baneling Nest  
  22  1:59  Zergling x2  
  22  2:09  Zergling x2  
  22  2:13  Metabolic Boost  
  23  2:24  Queen  
  23  2:28  Drone  
  26  2:33  Overlord  
  26  2:42  Baneling  
  26  2:43  Drone  
  26  2:44  Drone  
  28  2:46  Drone  
  29  2:52  Drone  
  29  2:59  Drone  
  30  3:08  Overlord, Drone  
  29  3:16  Drone  
  29  3:17  Drone x2  
  31  3:23  Roach Warren  
  30  3:27  Drone x2  
  30  3:31  Drone  
  33  3:37  Overlord  
  33  3:43  Baneling  
  33  3:46  Zergling x4  
  35  3:50  Baneling  
  35  3:51  Baneling x2  
  35  3:52  Zergling x4  
  37  3:57  Zergling x2  
  37  3:58  Zergling x4  
  40  4:03  Zergling x4  
  42  4:12  Overlord  
  41  4:18  Roach x3  
  46  4:24  Roach x2  
  46  4:28  Overlord  
  50  4:43  Roach x3  
  51  4:48  Roach x2  
  54  4:56  Roach  
  54  4:59  Roach  
  57  5:03  Overlord, Roach  
  58  5:11  Roach  
  58  5:14  Zergling x4  
  61  5:15  Zergling x2  
  61  5:16  Zergling x4  
  64  5:22  Zergling x2  
  64  5:26  Zergling x2  
  66  5:29  Baneling  
  66  5:30  Baneling  
  66  5:32  Zergling x2  
  67  5:36  Zergling x2  
  67  5:41  Zergling x8  
  69  5:57  Zergling x8  
  60  6:17  Drone x7  
  65  6:23  Drone  
Show
View Real Time Build Order
Export as new Build Order

Rose Zerg 

Build Orders: Pool First, Zergling Baneling 

Get SALT Encoding   

  12  0:01  Drone  
  13  0:08  Drone  
  14  0:22  Extractor  
  14  0:28  Spawning Pool  
  12  0:31  Drone  
  13  0:36  Drone  
  14  0:43  Overlord  
  14  1:02  Drone  
  15  1:14  Zergling x2  
  15  1:15  Zergling x4  
  15  1:18  Queen  
  20  1:25  Metabolic Boost  
  20  1:30  Drone  
  21  1:48  Drone  
  22  1:58  Hatchery  
  22  2:00  Drone  
  22  2:15  Baneling Nest  
  21  2:16  Drone  
  21  2:19  Overlord  
  22  2:39  Drone  
  22  2:40  Queen  
  22  2:43  Zergling x4  
  27  2:44  Zergling x2  
  28  2:58  Zergling x4  
  29  3:09  Zergling x2  
  29  3:10  Overlord  
  29  3:11  Zergling x2  
  29  3:21  Zergling x2  
  29  3:23  Zergling x4  
  32  3:37  Baneling  
  32  3:38  Baneling x2  
  32  3:40  Zergling x6  
  35  3:46  Baneling x5  
  35  3:51  Drone x2  
  37  4:01  Drone x3  
  38  4:11  Drone  
  37  4:17  Overlord  
  37  4:18  Roach Warren  
  37  4:20  Drone  
  37  4:23  Drone  
  37  4:33  Drone  
  36  4:47  Spine Crawler, Baneling x2  
  36  4:48  Extractor  
  36  4:49  Zergling x14  
  41  4:57  Drone x2  
  39  5:08  Drone  
  40  5:20  Overlord x2  
  41  5:22  Roach x4  
  48  5:29  Roach  
  48  5:30  Roach  
  52  5:38  Roach  
  52  5:39  Roach  
  58  5:42  Roach  
  58  5:49  Roach  
  58  5:50  Roach  
  58  5:56  Zergling x2  
  49  6:05  Roach  
Tags
 
Add a new tag
Caveats
  • Supply blocks, unpowered buildings, or Contaminate may cause inaccurate times.
  • Supply counts are checked every 10 seconds.